 Dungeon Crawl Stone Soup version 0.20.1-1-g8b1a95d (webtiles) character file.

44 Inchmeat the Cudgeler (level 3, -8/33 HPs)
             Began as a Deep Dwarf Monk on Sept 7, 2017.
             Killed by nerve-wracking pain
             ... invoked by a shadow imp
             ... summoned by gebbletook's ghost
              (12 damage)
             ... on level 3 of the Dungeon.
             The game lasted 00:02:19 (1514 turns).

Inchmeat the Cudgeler (Deep Dwarf Monk)             Turns: 1514, Time: 00:02:20

Health: -8/33      AC:  5    Str: 15    XL:     3   Next: 39%
Magic:  3/3        EV: 12    Int: 10    God:
Gold:   93         SH:  0    Dex: 15    Spells: 2/2 levels left

rFire    x . .     SeeInvis +   a - +0 mace
rCold    + . .     Gourm    .   (no shield)
rNeg     . . .     Faith    .   o - +0 ring mail
rPois    .         Spirit   .   (no helmet)
rElec    .         Reflect  .   (no cloak)
rCorr    .         Harm     .   (no gloves)
MR       .....                  (no boots)
Stlth    +.........             (no amulet)
Regen    0.0/turn               l - ring of ice
MPRegen  0.1/turn               n - ring of see invisible

@: non-regenerating
A: damage resistance, heal wounds, sense surroundings 1, no regeneration
a: Heal Wounds


You were on level 3 of the Dungeon.
You were near starving.

You visited 1 branch of the dungeon, and saw 3 of its levels.

You collected 93 gold pieces.

Inventory:

Hand Weapons
 a - a +0 mace (weapon)
Armour
 b - a +0 robe
 o - a +0 ring mail (worn)
Jewellery
 l - a ring of ice (left hand)
 n - a ring of see invisible (right hand)
Scrolls
 e - 2 scrolls of random uselessness {unknown}
 g - a scroll of immolation {unknown}
 h - a scroll of identify
Potions
 d - a potion of lignification {unknown}
 i - a potion of magic {unknown}
 k - a potion of mutation {unknown}
 m - a potion of haste {unknown}
Comestibles
 c - 2 bread rations
 f - a royal jelly
 j - a meat ration


   Skills:
 - Level 2.7 Fighting
 * Level 4.3 Maces & Flails
 - Level 3.4 Dodging
 - Level 2.4 Stealth


You had 2 spell levels left.
You didn't know any spells.

Dungeon Overview and Level Annotations

Branches:
Dungeon (3/15)

Altars:
Cheibriados
Makhleb

Annotations:
D:3 gebbletook's ghost, amateur FeWz


Innate Abilities, Weirdness & Mutations

You are resistant to damage.
You can heal yourself by infusing magical energy.
You passively map a small area around you.
You do not regenerate.


Message History

You closely miss gebbletook's ghost. The shadow imp hits you.
Gebbletook's ghost hits you.
* * * LOW HITPOINT WARNING * * *
The shadow imp barely misses you.
You hit gebbletook's ghost.
Gebbletook's ghost is moderately damaged.
Gebbletook's ghost hits you.
* * * LOW HITPOINT WARNING * * *
The shadow imp misses you.
You miss gebbletook's ghost.
Gebbletook's ghost is moderately damaged.
Gebbletook's ghost mumbles some strange words.
The shadow imp hits you.
* * * LOW HITPOINT WARNING * * *
You completely miss gebbletook's ghost.
Gebbletook's ghost is moderately damaged.
Gebbletook's ghost closely misses you. The shadow imp gestures at you.
Pain shoots through your body!
You die...

#.....# , , , * #....<#
,, , ,,* , ###.### * *
* , , #.# , #.#
######### * #.#
###...[...# *, ,
#.###.......#.# ##. *
#........##.#.####.....
, #####.#..#.@W5......#
, #.#....5#5#####.#
#.#.###.#.# ,* ,
#.#.......# <
#.......### ######### *
, , * ,


You could see an iron imp, gebbletook's ghost, a crimson imp and a shadow imp.

Vanquished Creatures
  An adder (D:2)
  2 dart slugs
  A giant cockroach (D:1)
  4 goblins
  4 hobgoblins
  2 ball pythons (D:2)
  6 bats
  A frilled lizard (D:1)
  3 kobolds (D:1)
  6 rats
30 creatures vanquished.

Notes
Turn   | Place    | Note
-------+----------+-------------------------------------------
     0 | D:1      | Inchmeat the Deep Dwarf Monk began the quest for the Orb.
     0 | D:1      | Reached XP level 1. HP: 20/20 MP: 1/1
    91 | D:1      | Reached XP level 2. HP: 17/27 MP: 2/2
   833 | D:2      | Reached skill level 4 in Maces & Flails
   948 | D:2      | Reached XP level 3. HP: 9/33 MP: 3/3
   952 | D:2      | Found a burning altar of Makhleb.
  1024 | D:2      | Found a snail-covered altar of Cheibriados.
  1493 | D:3      | Noticed gebbletook's ghost (amateur FeWz)
  1514 | D:3      | Killed from afar by a shadow imp

Skill      XL: |  1  2 |
---------------+-------+-----
Maces & Flails | 4 |  4.3
Fighting       | |  2.7
Dodging        | |  3.4
Stealth        | |  2.4

Action                   || total
-------------------------++-------
Melee: Mace              ||   107
 Abil: Heal Wounds       ||     1
  Use: Scroll            ||     5
 Stab: Sleeping          ||     5
Armor: Robe              ||    21
Dodge: Dodged            ||   102
